Map: Dusk Towers

Players

blackxored

  • Race: Zerg Zerg
  • League: Diamond

Duke - Winner!

  • Race: Zerg Zerg

VOD

Have the link to the VOD?

Description

Time

  • Played on: June 19, 2016, 5:21 p.m.
  • Length: 10:56
Show
View Real Time Build Order
Export as new Build Order

blackxored Zerg 

Build Orders: Hatch First, Zergling Baneling 

Get SALT Encoding   

  12  0:02  Drone  
  13  0:08  Drone  
  14  0:18  Overlord  
  14  0:23  Extractor  
  14  0:24  Drone  
  15  0:38  Drone x2  
  17  0:53  Hatchery  
  17  0:56  Drone  
  17  1:04  Drone  
  18  1:13  Extractor  
  18  1:16  Drone  
  18  1:19  Spawning Pool  
  18  1:21  Drone  
  18  1:33  Drone  
  18  1:39  Overlord  
  19  1:51  Drone  
  20  2:09  Spine Crawler  
  20  2:10  Zergling x4  
  20  2:11  Baneling Nest, Queen  
  20  2:13  Queen  
  24  2:15  Zergling x2  
  25  2:24  Zergling x2  
  23  2:55  Drone x3  
  26  3:01  Baneling x2  
  23  3:28  Zergling x14  
  29  3:41  Zergling x8  
  33  3:49  Baneling  
  33  3:50  Baneling  
  33  3:51  Baneling x4  
  33  3:55  Drone  
  34  3:57  Drone  
  34  4:01  Drone  
  36  4:23  Lair  
  36  4:27  Overlord  
  36  4:46  Drone x2  
  36  4:49  Drone x6  
  41  5:26  Zergling x10  
  38  5:43  Extractor, Drone x7  
  38  5:45  Roach Warren  
  38  5:48  Overlord  
  43  5:55  Spire, Drone  
  43  5:59  Drone  
  44  6:06  Spine Crawler  
  44  6:08  Drone x2, Spine Crawler  
  44  6:10  Spine Crawler  
  43  6:11  Spine Crawler  
  42  6:26  Roach x3  
  46  6:47  Roach x3  
  47  6:58  Roach x3  
  51  7:03  Overlord  
  51  7:21  Queen x2  
  55  7:26  Mutalisk  
  55  7:27  Mutalisk  
  59  7:36  Ravager  
  60  7:38  Overlord  
  60  7:47  Spine Crawler  
  59  8:05  Mutalisk x2  
  57  8:18  Zergling x10  
  34  8:35  Zergling x4  
  32  8:43  Mutalisk x2  
  26  9:04  Mutalisk  
  18  9:32  Zergling x10  
  18  9:33  Zergling x2  
  24  9:43  Drone  
  20  10:07  Drone x6  
  26  10:20  Drone x2  
  28  10:32  Zergling x2  
  28  10:54  Hatchery  
Show
View Real Time Build Order
Export as new Build Order

Duke Zerg - Winner!

Build Orders: Pool First 

Get SALT Encoding   

  12  0:01  Drone  
  13  0:09  Drone  
  14  0:26  Spawning Pool  
  13  0:29  Drone  
  13  0:33  Extractor  
  13  0:35  Drone  
  14  0:42  Extractor  
  14  0:43  Drone  
  14  0:49  Overlord  
  15  1:13  Queen  
  15  1:14  Zergling x2  
  15  1:15  Zergling x4  
  20  1:26  Zergling x2  
  21  1:42  Drone  
  21  1:43  Metabolic Boost  
  22  2:00  Hatchery  
  21  2:04  Drone  
  22  2:10  Overlord  
  19  2:38  Zergling x8  
  19  2:39  Zergling x2  
  24  2:45  Queen  
  26  2:59  Zergling x2  
  26  3:00  Zergling x2  
  28  3:08  Roach Warren  
  26  3:18  Overlord  
  20  3:44  Drone x6  
  25  3:53  Roach  
  27  4:02  Lair  
  27  4:08  Drone x2  
  29  4:13  Overlord  
  29  4:23  Drone x4  
  33  4:29  Drone  
  34  4:34  Drone x3  
  37  4:48  Roach  
  37  4:49  Roach x2  
  37  4:51  Overlord  
  43  5:10  Roach x4  
  43  5:11  Overlord x2  
  51  5:24  Roach x2  
  51  5:25  Roach  
  49  5:51  Zergling x18  
  49  5:54  Glial Reconstitution  
  58  6:00  Drone x2, Evolution Chamber  
  58  6:01  Extractor, Evolution Chamber  
  57  6:07  Roach  
  59  6:13  Drone  
  59  6:14  Drone x2  
  62  6:18  Overlord x2  
  62  6:20  Roach x3  
  58  6:54  Roach  
  58  6:55  Roach x10  
  71  7:11  Zergling x4  
  71  7:14  Zerg Missile Weapons Level 1  
  73  7:19  Drone x4  
  73  7:20  Extractor, Hatchery  
  75  7:27  Ravager  
  75  7:28  Ravager  
  77  7:32  Drone  
  77  7:33  Drone  
  79  7:38  Drone  
  79  7:39  Roach  
  79  7:44  Overlord x2  
  82  7:47  Zergling x4  
  68  8:16  Zergling x24  
  77  8:27  Zergling x2  
  77  8:28  Zergling x2  
  72  8:47  Roach  
  72  8:48  Roach x3  
  73  8:52  Spore Crawler  
  73  8:53  Spore Crawler  
  73  8:55  Spore Crawler  
  64  8:57  Drone, Spore Crawler  
  64  8:58  Spore Crawler, Drone x3, Roach  
  64  8:59  Roach x4  
  64  9:01  Queen  
  70  9:18  Roach  
  70  9:19  Roach x5  
  77  9:29  Drone x6  
  81  9:36  Drone  
  81  9:37  Drone  
  81  9:42  Spore Crawler x2  
  79  9:50  Zergling x10  
  76  10:04  Zergling x16  
  74  10:17  Spore Crawler  
  74  10:19  Drone x7  
  74  10:20  Spore Crawler  
  75  10:27  Hydralisk Den  
  66  10:31  Infestation Pit  
Tags
 
Add a new tag
Caveats
  • Supply blocks, unpowered buildings, or Contaminate may cause inaccurate times.
  • Supply counts are checked every 10 seconds.